AoeStats
← Jorgex

Arena

509966715Analyzed
3v3 RM · 3d ago on Sep 28, 2026· 97m 15s· 6 players
Game mode
Random Map
Map size
Normal (6 player)
Population
200
Speed
Normal
Resources
Standard
Victory
Conquest
Starting age
Dark Age
Ending age
Imperial Age
RankedLock teamsTeams togetherTeam positionsShared explorationLock speedFull tech treeHidden civsTurbo modeCheats
Victory
Defeat
🇩🇰 Teutons · Denmark
389
+18
🇪🇸 Khmer · Spain
383
+19
🇲🇪 Persians · Montenegro
359
+20
🇧🇴 Bengalis · Bolivia
466
-21
🇪🇸 Turks · Spain
449
-19
🇧🇴 Danes · Bolivia
404
-17
fight for your rights
1:46 Loom
9:49 Feudal Age
11:37 Double-Bit Axe
13:43 Wheelbarrow
13:27 Horse Collar
15:47 Town Watch
22:46 Stone Mining
23:06 Gold Mining
28:41 Castle Age
30:02 Stone Shaft Mining
31:16 Scale Barding Armor
31:34 Caravan
32:29 Heavy Plow
38:26 Imperial Age
38:35 Imperial Age
36:21 Hand Cart
36:06 Town Patrol
41:05 Bow Saw
42:31 Crop Rotation
45:08 Scale Mail Armor
45:19 Forging
44:47 Elite Teutonic Knight
48:12 Conscription
47:23 Sappers
55:23 Chain Mail Armor
59:36 Guilds
59:56 Coinage
61:56 Plate Mail Armor
62:02 Iron Casting
61:48 Chain Barding Armor
61:29 Padded Archer Armor
61:20 Fletching
64:02 Banking
67:07 Arson
67:23 Squires
67:08 Gambesons
66:44 Pikeman
66:44 Man-at-Arms
69:53 Halberdier
71:55 Blast Furnace
71:31 Plate Barding Armor
71:12 Leather Archer Armor
70:53 Bodkin Arrow
71:29 Ironclad
71:45 Hoardings
77:22 Two-Man Saw
82:08 Long Swordsman
92:05 Crossbowman
95:04 Two-Handed Swordsman
98:01 Chemistry
96:47 Arrowslits
96:53 Guard Tower
97:10 Champion
ruben92_7
10:20 Feudal Age
11:52 Wheelbarrow
22:35 Castle Age
24:45 Husbandry
34:17 Hand Cart
37:47 Imperial Age
38:00 Elite Ballista Elephant
44:51 Double Crossbow
ljubob
0:57 Loom
12:45 Feudal Age
14:41 Wheelbarrow
14:56 Loom
15:29 Town Watch
19:09 Castle Age
20:10 Hand Cart
19:29 Light Cavalry
24:05 Parthian Tactics
28:40 Caravan
29:11 Coinage
30:17 Kamandaran
40:14 Imperial Age
40:25 Scale Barding Armor
40:21 Padded Archer Armor
40:12 Fletching
40:33 Forging
40:23 Scale Mail Armor
40:29 Husbandry
40:40 Bloodlines
46:06 Stone Mining
46:00 Horse Collar
46:08 Double-Bit Axe
49:01 Citadels
50:15 Heavy Cavalry Archer
52:50 Hoardings
57:18 Chemistry
56:39 Ballistics
56:15 Murder Holes
56:31 Masonry
56:12 Guard Tower
56:13 Heated Shot
59:07 Stone Shaft Mining
58:23 Gold Mining
60:07 Elite War Elephant
61:33 Devotion
61:28 Herbal Medicine
65:02 Thumb Ring
67:16 Town Patrol
74:42 Architecture
75:48 Cavalier
81:49 Sappers
90:38 Faith
90:53 Theocracy
90:33 Bow Saw
90:27 Heavy Plow
Leandro III
1:44 Loom
12:54 Feudal Age
13:30 Town Watch
13:40 Horse Collar
18:45 Wheelbarrow
22:17 Double-Bit Axe
25:45 Man-at-Arms
26:13 Arson
26:19 Arson
26:30 Gold Mining
26:31 Stone Mining
30:36 Castle Age
30:28 Bloodlines
30:44 Scale Barding Armor
30:40 Scale Mail Armor
30:41 Padded Archer Armor
34:31 Husbandry
35:22 Gold Shaft Mining
36:02 Bow Saw
36:25 Atonement
36:36 Fervor
36:26 Devotion
36:47 Sanctity
36:48 Heresy
38:52 Redemption
40:37 Chain Barding Armor
40:34 Leather Archer Armor
40:09 Fletching
40:30 Forging
40:35 Chain Mail Armor
41:37 Squires
42:41 Murder Holes
42:57 Fortified Wall
43:09 Ballistics
42:30 Treadmill Crane
43:25 Heavy Plow
44:38 Sipahi
50:23 Guard Tower
50:24 Heated Shot
50:45 Masonry
51:34 Caravan
58:17 Hand Cart
59:18 Coinage
61:33 Town Patrol
64:04 Imperial Age
65:41 Artillery
65:02 Elite Janissary
66:58 Two-Man Saw
66:11 Guilds
66:32 Banking
67:27 Ring Archer Armor
66:52 Bodkin Arrow
67:34 Iron Casting
67:35 Plate Barding Armor
67:54 Theocracy
69:36 Hoardings
68:32 Sappers
69:23 Conscription
71:49 Bombard Tower
71:25 Arrowslits
El Messias
1:07 Loom
13:43 Feudal Age
15:18 Gold Mining
15:27 Double-Bit Axe
16:46 Wheelbarrow
21:47 Castle Age
31:50 Pikeman
32:31 Squires
33:25 Gold Shaft Mining
32:41 Stone Mining
38:32 Hamask
39:26 Scale Mail Armor
39:37 Forging
40:48 Bow Saw
41:17 Stone Shaft Mining
43:24 Elite Skirmisher
Jorgex
0:38 Loom
13:46 Feudal Age
14:56 Double-Bit Axe
15:58 Wheelbarrow
16:28 Horse Collar
16:43 Gold Mining
19:14 Town Watch
21:59 Scale Mail Armor
24:24 Castle Age
22:19 Arson
23:55 Man-at-Arms
24:56 Forging
24:34 Light Cavalry
25:18 Squires
26:29 Scale Barding Armor
26:26 Caravan
26:51 Bow Saw
27:43 Hand Cart
27:14 Pikeman
31:39 Chain Mail Armor
31:57 Fortified Wall
33:27 Gold Shaft Mining
33:33 Husbandry
33:55 Padded Archer Armor
34:42 Gambesons
39:09 Imperial Age
37:47 Paiks
37:38 Elite Skirmisher
38:58 Chain Barding Armor
39:12 Coinage
39:05 Stone Mining
39:50 Siege Elephant
39:59 Halberdier
40:58 Heavy Plow
42:05 Two-Man Saw
42:13 Conscription
44:01 Plate Barding Armor
43:38 Guilds
43:33 Elite Battle Elephant
45:50 Chemistry
49:37 Iron Casting
51:44 Crop Rotation
51:35 Leather Archer Armor
51:10 Fletching
52:20 Blast Furnace
55:09 Onager
60:32 Bodkin Arrow
79:57 Long Swordsman
80:31 Two-Handed Swordsman
87:49 Ring Archer Armor
Connection lost

Rejoining the realm…

Still unreachable

The connection could not be restored.

Session expired

The server has moved on; the page needs a fresh start.